 Seeded DCSS version 0.25-a0-287-g56a5b49 (webtiles) character file.

Game seed: 20191212, levelgen mode: deterministic

66 FruityBerryJuice the Skirmisher (level 4, 0/37 HPs)
             Began as a Formicid Chaos Knight on Dec 12, 2019.
             Was a Plaything of Xom.
             Shot with an arrow by a centaur (2 damage)
             ... on level 2 of the Dungeon.
             The game lasted 00:05:14 (837 turns).

FruityBerryJuice the Skirmisher (FoCK)               Turns: 837, Time: 00:05:15

Health: 0/37       AC:  3    Str: 17    XL:     4   Next: 37%
Magic:  4/4        EV: 12    Int: 12    God:    Xom [......]
Gold:   25         SH:  0    Dex: 12    Spells: 3/3 levels left

rFire    . . .     SeeInvis +   a - +0 spear (chaos)
rCold    . . .     Gourm    .   (no shield)
rNeg     . . .     Faith    .   h - +0 robe
rPois    .         Spirit   .   (helmet unavailable)
rElec    .         Reflect  .   (no cloak)
rCorr    .         Harm     .   (no gloves)
MR       .....     Clarity  +   d - +0 pair of boots
Stlth    +.........             (no amulet)
HPRegen  0.12/turn              (no ring)
MPRegen  0.09/turn              (no ring)

@: no status effects
A: permanent stasis, dig shafts and tunnels, four strong arms, antennae 3, agile
1, clarity
a: Dig, Shaft Self, Renounce Religion


You were on level 2 of the Dungeon.
You worshipped Xom.
You were a very special plaything of Xom.
You were not hungry.

You visited 1 branch of the dungeon, and saw 2 of its levels.

You collected 25 gold pieces.

Inventory:

Hand Weapons
 a - a +0 spear of chaos (weapon)
 e - a cursed -3 short sword
Armour
 b - a +2 leather armour
 d - a +0 pair of boots (worn)
 f - a +0 robe
 h - a +0 robe (worn)
Scrolls
 g - 2 scrolls of remove curse
Comestibles
 c - a ration


   Skills:
 + Level 3.9 Fighting
 + Level 3.9 Polearms
 + Level 2.6 Armour
 + Level 1.5 Dodging
 + Level 0.1 Stealth


You had 3 spell levels left.
You didn't know any spells.
Your spell library was empty.

Dungeon Overview and Level Annotations

Branches:
Dungeon (2/15)

Altars:


Innate Abilities, Weirdness & Mutations

You cannot be hasted, slowed, berserked, paralysed or teleported.
You can dig through walls and to a lower floor.
Your four strong arms can wield two-handed weapons with a shield.
You have a pair of large antennae on your head. (SInv)
You are agile. (Dex +2)
You possess an exceptional clarity of mind.


Message History

You see here a robe.
f - a robe The centaur shouts!
The centaur wields a +0 shortbow.
The centaur shoots an arrow.
The arrow hits you!
A kobold comes into view. It is wielding a +0 short sword.
The kobold shouts!
The centaur shoots an arrow.
The arrow hits you.
The kobold throws a stone.
The stone barely misses you.
You see here an arrow.
The goblin hits you but does no damage.
The centaur shoots an arrow.
The arrow hits you!
* * * LOW HITPOINT WARNING * * *
The kobold hits you but does no damage.
You see here an arrow.
You hit the goblin.
You kill the goblin!
The centaur shoots an arrow.
The arrow hits you.
You die...
Xom chuckles heartily!

#... #)# .#.# # #.$.
#.###.#.#
##.#...###.......#
#................#
...........c..#.#
{...#..........<# {{
..#.#.(.(.....#
######.#.K).......##.
.......#.#@##........
#...............
##..#.##.###.###
#..#.##.# ...
#..#.##.# ###
#..#.##.# #..#.##.#
#†.#$##..
.########†.#.######


You could see a centaur and a kobold.

Vanquished Creatures
  Natasha (twice) (D:2)
  A ball python (D:1)
  3 goblins
  2 hobgoblins (D:1)
  3 jackals (D:1)
  2 kobolds (D:1)
  A bat (D:1)
  2 rats
16 creatures vanquished.

Vanquished Creatures (collateral kills)
  A bat (D:1)
1 creature vanquished.

Grand Total: 17 creatures vanquished

Notes
Turn   | Place    | Note
-------+----------+-------------------------------------------
     0 | D:1      | FruityBerryJuice the Formicid Chaos Knight began the quest
                  | for the Orb.
     0 | D:1      | Reached XP level 1. HP: 18/18 MP: 1/1
     2 | D:1      | XOM: harmless Tloc miscast
    77 | D:1      | XOM: divination: detect creatures
   121 | D:1      | XOM: give mutations
   121 | D:1      | Gained mutation: You are agile. (Dex +2) [Xom's mischief]
   121 | D:1      | Gained mutation: You possess an exceptional clarity of
                  | mind. [Xom's mischief]
   240 | D:1      | XOM is BORED!
   240 | D:1      | XOM: enchant monster (bad)
   263 | D:1      | XOM: potion effect (might)
   267 | D:1      | Reached XP level 2. HP: 7/24 MP: 2/2
   268 | D:1      | Reached skill level 1 in Dodging
   681 | D:2      | Noticed Natasha
   682 | D:2      | XOM: smoke on damage
   691 | D:2      | Killed Natasha
   691 | D:2      | Reached XP level 3. HP: 13/30 MP: 3/3
   797 | D:2      | Noticed Natasha
   812 | D:2      | Killed Natasha
   812 | D:2      | Reached XP level 4. HP: 25/37 MP: 4/4
   830 | D:2      | Noticed a centaur
   837 | D:2      | Shot with an arrow by a centaur

Levels and vault maps discovered:
D:1:      dpeg_arrival_triangle_fractal, layout_basic
D:2:      layout_basic, uniq_natasha

Skill      XL: |  1  2 |
---------------+-------+-----
Dodging        | 1 |  1.5
Fighting       | |  3.9
Polearms       | |  3.9
Armour         | |  2.6
Stealth        | |  0.1

Action                   |  1- 3 |  4- 6 || total
-------------------------+-------+-------++-------
Melee: Spear             |    52 |     1 ||    53
  Use: Scroll            |     1 |       ||     1
       Potion            |     1 |       ||     1
Armor: Leather armour    |    26 |       ||    26
       Robe              |     3 |     2 ||     5
Dodge: Dodged            |    55 |     1 ||    56

Table legend:
 A = Non-vault XP
 B = Vault XP
 C = Vault XP percentage of total XP
 D = Non-vault monster count
 E = Vault monster count
 F = Vault count percentage of total count
                 A         B        C        D         E       F
            +---------+---------+-------+---------+---------+-------
      Total |      59 |      36 |  37.9 |      16 |       1 |   5.9
            +---------+---------+-------+---------+---------+-------
        D:1 |      22 |       0 |   0.0 |      13 |       0 |   0.0
        D:2 |      37 |      36 |  49.3 |       3 |       1 |  25.0
            +---------+---------+-------+---------+---------+-------
